 Dungeon Crawl Stone Soup version 0.22-b1-59-g0aedee7 (webtiles) character file.

110 Goblin1989 the Chopper (level 4, -4/35 HPs)
             Began as a Demonspawn Chaos Knight on Aug 10, 2018.
             Slain by Natasha (5 damage)
             ... on level 2 of the Dungeon.
             The game lasted 00:03:27 (1850 turns).

Goblin1989 the Chopper (Demonspawn Chaos Knight)    Turns: 1850, Time: 00:03:28

Health: -4/35      AC:  5    Str: 14    XL:     4   Next: 61%
Magic:  4/4        EV: 11    Int: 13    God:    Xom [.*....]
Gold:   32         SH:  0    Dex: 12    Spells: 3/3 levels left

rFire    . . .     SeeInvis +   a - +0 hand axe (chaos)
rCold    + . .     Gourm    .   (no shield)
rNeg     . . .     Faith    .   b - +2 leather armour
rPois    .         Spirit   .   (no helmet)
rElec    .         Reflect  .   (no cloak)
rCorr    .         Harm     .   (no gloves)
MR       .....                  (no boots)
Stlth    +.........             S - amulet of inaccuracy (curse)
HPRegen  0.11/turn              s - ring of see invisible
MPRegen  0.09/turn              (no ring)

@: drained
A: cold resistance 1, sturdy frame 1
a: Renounce Religion


You were on level 2 of the Dungeon.
You worshipped Xom.
You were a plaything of Xom.
You were very hungry.

You visited 1 branch of the dungeon, and saw 2 of its levels.

You collected 32 gold pieces.

Inventory:

Hand Weapons
 a - a +0 hand axe of chaos (weapon)
 Y - a +0 hand axe
Missiles
 g - 74 arrows
 V - 33 stones {@Q3}
 Z - a throwing net (quivered) {!d , @Q1}
Armour
 b - a +2 leather armour (worn)
Jewellery
 s - a ring of see invisible (left hand)
 S - a cursed amulet of inaccuracy (around neck)
Wands
 T - a wand of acid (7) {god gift, @v2}
Scrolls
 M - a scroll of magic mapping {unknown}
 N - a scroll of enchant armour {unknown}
 P - a scroll of remove curse {unknown}
 Q - a scroll of teleportation {unknown}
 R - a scroll of blinking {unknown}
 W - 2 scrolls of identify {unknown}
Potions
 f - a potion of resistance {unknown}
 O - a potion of curing {unknown}
 U - a potion of magic {unknown}
 X - 4 potions of haste {unknown}
Comestibles
 e - 3 rations


   Skills:
 - Level 3.0(1.9) Fighting
 + Level 5.0(3.8) Axes
 - Level 1.7(0.7) Armour
 - Level 0.8(0.0) Dodging


You had 3 spell levels left.
You didn't know any spells.
Your spell library was empty.

Dungeon Overview and Level Annotations

Branches:
Dungeon (2/15)

Altars:
Ashenzari
Sif Muna
Trog
Zin

Annotations:
D:2 2 transporters, Natasha


Innate Abilities, Weirdness & Mutations

Your flesh is cold resistant. (rC+)
Your movements are slightly less encumbered by armour. (ER -2)


Message History

You now have 32 gold pieces (gained 11).
Found a deep blue altar of Sif Muna.
A goblin comes into view. It is wielding a dagger.
The goblin shouts!
You slash the goblin! Lightning courses through the goblin!
You kill the goblin!
Your Axes skill increases to level 5!
Unknown command.
Unknown command.
You see here a dagger.
Key pressed, stopping explore.
The leopard gecko hisses menacingly.
The leopard gecko hisses menacingly. "You have grown too confident for your meagre worth."
You feel drained.
You are now a plaything of Xom.
Natasha, Servant of Life and Death comes into view.
Unknown command.
Natasha hisses angrily.
A bat and a giant cockroach come into view.
The bat moves out of view.
You miss Natasha. Natasha closely misses you.
You hit Natasha. You burn Natasha.
Natasha is lightly wounded.
Natasha stares at you and mumbles some strange words.
You resist with some effort.
You closely miss Natasha.
Natasha is lightly wounded.
Natasha misses you.
You hit Natasha. You freeze Natasha.
Natasha is heavily wounded.
You are feeling very hungry.
Natasha claws you.
You take 5 damage, and have 30/35 hp.
You barely miss Natasha.
Natasha is heavily wounded.
Natasha closely misses you.
You closely miss Natasha.
Natasha is heavily wounded.
Natasha claws you! Natasha misses you.
You take 7 damage, and have 23/35 hp.
You miss Natasha.
Natasha is heavily wounded.
Natasha claws you but does no damage.
You closely miss Natasha.
Natasha is heavily wounded.
Natasha claws you!
You take 7 damage, and have 16/35 hp.
You are too injured to fight recklessly!
You are too injured to fight recklessly!
You are too injured to fight recklessly!
You are too injured to fight recklessly!
You are too injured to fight recklessly!
You are too injured to fight recklessly!
You are too injured to fight recklessly!
You are too injured to fight recklessly!
You are too injured to fight recklessly!
You are too injured to fight recklessly!
You are too injured to fight recklessly!
You are too injured to fight recklessly!
You are too injured to fight recklessly!
You are too injured to fight recklessly!
You are too injured to fight recklessly!
You are too injured to fight recklessly!
You are too injured to fight recklessly!
You are too injured to fight recklessly!
You are too injured to fight recklessly!
You are too injured to fight recklessly!
You are too injured to fight recklessly!
You are too injured to fight recklessly!
You are too injured to fight recklessly!
You are too injured to fight recklessly!
Unknown command.
You hit Natasha but do no damage.
Natasha is heavily wounded.
Natasha closely misses you.
You closely miss Natasha.
Natasha is heavily wounded.
Natasha closely misses you.
You hit Natasha.
Natasha is severely wounded.
Natasha stares at you and mumbles some strange words.
The magic dart hits you!
* * * LOW HITPOINT WARNING * * *
You take 9 damage, and have 7/35 hp.
MASSIVE DAMAGE!!
You barely miss Natasha.
Natasha is severely wounded.
Natasha howls an incantation.
You feel disoriented. Natasha casts a spell at you. The magic dart hits you!
You closely miss Natasha.
Natasha is severely wounded.
Natasha claws you.
* * * LOW HITPOINT WARNING * * *
You take 6 damage, and have 1/35 hp.
You hit Natasha but do no damage.
Natasha is severely wounded.
Natasha claws you.
You die...

█.█ ██.█.......... ███
█.█ ██....█.█......
...██.█ █....█......█..
....█.███......█....█.█
............█>█.......█
.........███.......██.█
....█........█.███ █.█
....█..........█ █.█ .
█@.........█
.....sh..........█
......█...(......
......█.......... .....
█.......... .....


██████████ .... .... You could see Natasha and a giant cockroach.

Vanquished Creatures
  Terence (D:2)
  4 adders (D:2)
  2 oozes (D:1)
  A worm (D:2)
  An orc (D:2)
  A giant cockroach (D:1)
  5 goblins
  3 hobgoblins (D:1)
  4 jackals (D:2)
  5 bats
  6 frilled lizards
  3 kobolds (D:1)
  4 rats
40 creatures vanquished.

Notes
Turn   | Place    | Note
-------+----------+-------------------------------------------
     0 | D:1      | Goblin1989 the Demonspawn Chaos Knight began the quest for the Orb.
     0 | D:1      | Reached XP level 1. HP: 18/18 MP: 1/1
    64 | D:1      | Reached skill level 3 in Axes
   175 | D:1      | Gained mutation: Your movements are slightly less encumbered by armour. (ER -2) [demonic ancestry]
   175 | D:1      | Reached XP level 2. HP: 23/24 MP: 2/2
   571 | D:1      | Gained mutation: Your flesh is cold resistant. (rC+) [demonic ancestry]
   571 | D:1      | Reached XP level 3. HP: 28/29 MP: 3/3
   637 | D:1      | XOM: cloud trail
   860 | D:1      | XOM: divination: detect creatures
   942 | D:2      | Noticed Terence
   948 | D:2      | Killed Terence
   948 | D:2      | Reached skill level 4 in Axes
   950 | D:2      | Found a bloodstained altar of Trog.
   988 | D:2      | XOM: harmless Fire miscast
  1112 | D:2      | XOM: god gift: fluorescent wand {god gift}
  1199 | D:2      | Reached XP level 4. HP: 31/35 MP: 4/4
  1312 | D:2      | XOM: mild Hex miscast
  1324 | D:2      | XOM: cloud trail
  1423 | D:2      | XOM: harmless Summ miscast
  1426 | D:2      | XOM: divination: detect creatures
  1670 | D:2      | Found a transporter.
  1676 | D:2      | Found a shattered altar of Ashenzari.
  1705 | D:2      | Found a glowing silver altar of Zin.
  1705 | D:2      | XOM: 3-stop teleportation journey
  1778 | D:2      | Found a transporter.
  1786 | D:2      | Found a deep blue altar of Sif Muna.
  1792 | D:2      | Reached skill level 5 in Axes
  1818 | D:2      | XOM: draining
  1833 | D:2      | Noticed Natasha
  1849 | D:2      | HP: 1/35 [Natasha (6)]
  1850 | D:2      | Slain by Natasha

Skill      XL: |  1  2  3  4 |
---------------+-------------+-----
Axes           | 3 4 5 |  5.0
Fighting       | |  3.0
Armour         | |  1.7
Dodging        | |  0.8

Action                   |  1- 3 |  4- 6 || total
-------------------------+-------+-------++-------
Melee: Hand axe          |    73 |    64 ||   137
 Stab: Paralysed         |     5 |       ||     5
       Sleeping          |     1 |       ||     1
  Eat: Chunk             |       |     2 ||     2
Armor: Leather armour    |    34 |    25 ||    59
Dodge: Dodged            |    45 |    47 ||    92

Vault maps used:
D:1:      minmay_arrival_split_and_join, minmay_pentomino_u4
D:2:      old_standard_altar, old_standard_altar,
          gammafunk_temple_overflow_arena, first_ration, trog_butcher_becter,
          uniq_terence, uniq_natasha
